 Dungeon Crawl Stone Soup version 0.20.0-15-g7f486f2 (webtiles) character file.

29 Meems the Insei (level 3, 0/31 HPs)
             Began as a Demonspawn Chaos Knight on June 11, 2017.
             Slain by Terence
             ... wielding a +0 mace
              (3 damage)
             ... on level 2 of the Dungeon.
             The game lasted 00:03:17 (1646 turns).

Meems the Insei (Demonspawn Chaos Knight)           Turns: 1646, Time: 00:03:18

Health: 0/31       AC:  5    Str: 12    XL:     3   Next: 1%
Magic:  3/3        EV: 10    Int: 13    God:    Xom [*.....]
Gold:   65         SH:  0    Dex: 11    Spells: 2/2 levels left

rFire    . . .     SeeInvis .     - Unarmed
rCold    . . .     Gourm    .   (no shield)
rNeg     . . .     Faith    .   l - +0 ring mail
rPois    .         Spirit   .   (helmet restricted)
rElec    .         Reflect  .   (no cloak)
rCorr    .         Harm     .   (no gloves)
MR       .....                  (no boots)
Stlth    +.........             (no amulet)
Regen    0.1/turn               (no ring)
MPRegen  0.1/turn               (no ring)

@: no status effects
A: antennae 1, talons 1, clumsy 1, robust 1
a: Renounce Religion


You were on level 2 of the Dungeon.
You worshipped Xom.
You were a special plaything of Xom.
You were not hungry.

You visited 1 branch of the dungeon, and saw 2 of its levels.

You collected 65 gold pieces.

Inventory:

Armour
 l - a +0 ring mail (worn)
Scrolls
 c - a scroll of identify
 d - a scroll of fear
Comestibles
 b - a bread ration
 k - 3 royal jellies


   Skills:
 - Level 3.0 Fighting
 - Level 1.7 Armour
 - Level 0.8 Dodging
 + Level 3.8 Unarmed Combat


You had 2 spell levels left.
You didn't know any spells.

Dungeon Overview and Level Annotations

Branches:
Dungeon (2/15)

Altars:

Annotations:
D:2 Terence


Innate Abilities, Weirdness & Mutations

You have sharp toenails.
You have a pair of small antennae on your head.
You are clumsy. (Dex -2)
You are robust. (+10% HP)


Message History

* * * LOW HITPOINT WARNING * * *
You barely miss Terence.
Terence is lightly wounded.
Terence hits you with a mace.
* * * LOW HITPOINT WARNING * * *
You barely miss Terence.
Terence is lightly wounded.
You hit Terence.
Terence is moderately wounded.
Terence closely misses you.
You closely miss Terence. Your kick misses Terence.
Terence is moderately wounded.
Terence hits you but does no damage.
You hit Terence but do no damage. Your kick misses Terence.
Terence is moderately wounded.
Terence barely misses you.
You hit Terence but do no damage.
Terence is moderately wounded.
Terence hits you with a mace.
You die...

#. ######.#######.
...............
...............
##############.##
#...............#
#.#############.# #
....)..##### #.####..#
(..........####.@@....#
.......###.......##.....
.......# #.......## ...
#......# #........# .
#.###### #......#.# #.#
#(.....#.# #.# .
#(.....#........ #.#
....##.#######.##.#..
#.'.....'....# .#


You could see Terence.

Vanquished Creatures
  A goblin (D:1)
  6 hobgoblins
  6 jackals (D:1)
  A bat (D:1)
  2 frilled lizards (D:1)
  5 kobolds
  6 rats
27 creatures vanquished.

Notes
Turn   | Place    | Note
-------+----------+-------------------------------------------
     0 | D:1      | Meems the Demonspawn Chaos Knight began the quest for the Orb.
     0 | D:1      | Reached XP level 1. HP: 18/18 MP: 1/1
    45 | D:1      | XOM: harmless Conj miscast
    91 | D:1      | Gained mutation: You have sharp toenails. [demonic ancestry]
    91 | D:1      | Reached XP level 2. HP: 8/24 MP: 2/2
   468 | D:1      | XOM: divination: detect creatures
   874 | D:1      | XOM: harmless Tmut miscast
  1030 | D:1      | XOM: noise
  1056 | D:2      | XOM: mild Necr miscast
  1141 | D:2      | XOM: god gift: club {god gift}
  1189 | D:2      | XOM: cloud trail
  1266 | D:2      | Noticed Terence
  1320 | D:2      | XOM: confusion
  1331 | D:2      | Gained mutation: You have a pair of small antennae on your head. [potion of mutation]
  1331 | D:2      | Gained mutation: You are clumsy. (Dex -2) [potion of mutation]
  1331 | D:2      | Gained mutation: You are robust. (+10% HP) [potion of mutation]
  1349 | D:2      | Reached XP level 3. HP: 16/31 MP: 3/3
  1558 | D:2      | XOM: severe Tloc miscast
  1646 | D:2      | Slain by Terence

Skill      XL: |  1 |
---------------+----+-----
Unarmed Combat | 3 |  3.8
Fighting       | |  3.0
Armour         | |  1.7
Dodging        | |  0.8

Action                   || total
-------------------------++-------
Melee: Unarmed           ||   141
       Kick              ||    25
  Use: Potion            ||     6
       Scroll            ||     5
  Eat: Meat ration       ||     1
Armor: Leather armour    ||    38
       Ring mail         ||    13
Dodge: Dodged            ||    91
